 Dungeon Crawl Stone Soup version 0.25.0-26-g0c896c7088 (console) character file.

Game seed: 12235665262979106291

275 Colgate the Digger (level 6, 0/46 HPs)
             Began as a Draconian Earth Elementalist on July 4, 2020.
             Was a Follower of Elyvilon.
             Killed from afar by an orc wizard (4 damage)
             ... with a puff of flame
             ... on level 4 of the Dungeon.
             The game lasted 01:06:50 (4488 turns).

Colgate the Digger (Draconian Earth Elementalist)   Turns: 4488, Time: 01:06:51

Health: 0/46       AC:  7    Str: 10    XL:     6   Next: 3%
Magic:  8/11       EV: 12    Int: 18    God:    Elyvilon [*.....]
Gold:   221        SH:  0    Dex: 11    Spells: 7/11 levels left

rFire    + . .     SeeInvis .   o - +1 hand axe (flame)
rCold    + . .     Gourm    .   (no shield)
rNeg     . . .     Faith    .   (armour unavailable)
rPois    +         Spirit   .   (helmet restricted)
rElec    .         Reflect  .   p - scarf {rC+ rF+}
rCorr    .         Harm     .   r - +0 pair of gloves
MR       .....                  (no boots)
Stlth    ++........             h - amulet of magic regeneration
HPRegen  0.15/turn              x - ring of poison resistance
MPRegen  0.37/turn              (no ring)

@: no status effects
A: unfitting armour, cold-blooded, AC +6
a: Lesser Healing, Divine Protection, Renounce Religion


You were on level 4 of the Dungeon.
You worshipped Elyvilon.
Elyvilon was aware of your devotion.
You were hungry.

You visited 1 branch of the dungeon, and saw 4 of its levels.

You collected 221 gold pieces.

Inventory:

Hand Weapons
 l - a +0 hunting sling
 o - a +1 hand axe of flaming (weapon)
 t - a +0 short sword of holy wrath
Missiles
 f - 22 poisoned darts (quivered)
 i - 41 sling bullets
 j - 66 arrows
 k - 102 stones
Armour
 e - a +0 tower shield
 p - a scarf of resistance (worn)
 r - a +0 pair of gloves (worn)
Jewellery
 h - an amulet of magic regeneration (around neck)
 x - a ring of poison resistance (left hand)
Scrolls
 a - 2 scrolls of enchant armour {unknown}
 b - a scroll of immolation {unknown}
 d - a scroll of fog
 m - a scroll of teleportation {unknown}
 n - a scroll of amnesia {unknown}
 q - a scroll of identify {unknown}
 w - a scroll of remove curse
Potions
 g - 3 potions of stabbing
 s - a potion of resistance {unknown}
 v - a potion of lignification {unknown}
Comestibles
 c - 6 rations
 u - a chunk of flesh


   Skills:
 + Level 0.6 Fighting
 + Level 1.4 Short Blades
 + Level 0.4 Axes
 + Level 1.0(1.4) Slings
 + Level 1.5(1.7) Throwing
 + Level 2.1 Dodging
 + Level 2.5 Stealth
 + Level 0.1 Unarmed Combat
 + Level 3.3 Spellcasting
 + Level 0.8 Conjurations
   Level 1.0 Transmutations
 + Level 4.1 Earth Magic


You had 7 spell levels left.
You knew the following spells:

 Your Spells              Type           Power        Failure   Level  Hunger
a - Sandblast             Erth           ###...       3%          1    None
b - Stone Arrow           Conj/Erth      ##....       17%         3    ###....

Your spell library contained the following spells:

 Spells                   Type           Power        Failure   Level  Hunger
 Passwall                 Tmut/Erth      ##......     9%          2    ##.....
 Petrify                  Tmut/Erth      ##......     50%         4    ####...
 Lee's Rapid Deconstruct  Erth           ###.......   63%         5    ######.


Dungeon Overview and Level Annotations

Branches:
Dungeon (4/15)
 Temple: D:4-7

Altars:
Elyvilon
Gozag
Qazlal

Annotations:
D:4 Natasha


Innate Abilities, Weirdness & Mutations

Your plain brown scales are hard. (AC +6)
You cannot fit into any form of body armour.
You are cold-blooded and may be slowed by cold attacks.


Message History

k - 103 stones The orc priest looks braver for a moment.
Casting: Sandblast (safe; 3% risk of failure)
Confirm with . or Enter, or press ? or * to list all spells.
Aiming: Sandblast (safe; 3% risk of failure)
Press: ? - help, Shift-Dir - straight line, f - orc priest, p - orc
Aim: an orc priest, wielding a +0 hand axe and wearing a +0 ring mail (severely wounded)
The blast of sand hits the orc priest.
You kill the orc priest!
You have reached level 6!
Your experience leads to an increase in your attributes!
Increase (S)trength, (I)ntelligence, or (D)exterity?
You feel clever.
Your scales feel tougher.
k - 102 stones An orc wizard appears from thin air!
Reactivating autopickup.
You open the door.
The orc wizard points at you and mumbles some strange words.
The puff of flame hits you. You resist.
You die...

.........#..#.........#
.........#..#........>#
.........#.h#.........######
.o.{.....##o#..............#
..#####o###o##########.....#
..#..............#...#.....#
..#..............#...#.....#
..#.#######..##)###.##.....#####
.##.###..##..##.###.#####'#....#
.#...#....'.ho.o.#...#....#....#
.#...+....#...oo@'...'....#....#
.#...#...##.....##...#....#....#
.#...#...##.....##..#######....#
.##.###..##.....##..##.........#
..#.###..##.....'....#.....#####
..'......##.....##...#.....#
..#......##.....##...#.....#
..#.......#.....######.....#
..#.÷.....'.....##..###'####
..#....÷..#..........#...#
..##.###+##+######...#...#


You could see an orc priest, an orc wizard, Natasha and 2 orcs.

Vanquished Creatures
  An orc priest (D:4)
  Natasha (D:4)
  Terence (D:3)
  A worker ant (D:2)
  Robin (D:3)
  A gnoll (D:1)
  4 adders
  An adder skeleton (D:4)
  3 worms (D:2)
  4 dart slugs
  4 leopard geckos
  2 orcs (D:3)
  5 bats
  6 giant cockroaches
  17 goblins
  8 hobgoblins
  3 jackals (D:4)
  3 quokkas
  5 frilled lizards
  10 kobolds
  8 rats
89 creatures vanquished.

Vanquished Creatures (others)
  A plant (D:2)
1 creature vanquished.

Grand Total: 90 creatures vanquished

Notes
Turn   | Place    | Note
-------+----------+-------------------------------------------
     0 | D:1      | Colgate the Draconian Earth Elementalist began the quest
                  | for the Orb.
     0 | D:1      | Reached XP level 1. HP: 14/14 MP: 3/3
   272 | D:1      | Reached XP level 2. HP: 20/20 MP: 3/5
   902 | D:1      | Reached skill level 1 in Short Blades
   902 | D:1      | Reached XP level 3. HP: 26/26 MP: 1/6
  1995 | D:2      | Reached XP level 4. HP: 21/33 MP: 6/8
  2017 | D:2      | Learned a level 3 spell: Stone Arrow
  2315 | D:2      | Found a white marble altar of Elyvilon.
  2321 | D:2      | Became a worshipper of Elyvilon the Healer
  3288 | D:3      | Noticed Robin
  3297 | D:3      | Reached XP level 5. HP: 33/38 MP: 4/9
  3312 | D:3      | Killed Robin
  3477 | D:3      | Noticed Terence
  3488 | D:3      | Killed Terence
  3488 | D:3      | Reached skill level 1 in Throwing
  3663 | D:3      | Reached * piety under Elyvilon
  3733 | D:3      | Found a stormy altar of Qazlal.
  3772 | D:3      | Found an opulent altar of Gozag.
  4188 | D:4      | Noticed Natasha
  4226 | D:4      | Killed Natasha
  4226 | D:4      | Reached skill level 4 in Earth Magic
  4261 | D:4      | Reached skill level 1 in Slings
  4423 | D:4      | Noticed Natasha
  4486 | D:4      | Reached XP level 6. HP: 4/46 MP: 7/11
  4488 | D:4      | Killed from afar by an orc wizard

Illustrated notes

Levels and vault maps discovered:
D:1:      dpeg_arrival_radiant, layout_loops_ring,
          corexii_item_surrounded_by_moat
D:2:      layout_loops_corners, old_standard_altar, serial_forest,
          infiniplex_forest_lined_corner, infiniplex_forest_clump_medium,
          infiniplex_forest_end_1, infiniplex_forest_pool,
          infiniplex_forest_end_2, infiniplex_forest_straight_4,
          infiniplex_forest_clump_C, infiniplex_forest_zigzag_1,
          infiniplex_forest_clump_large
D:3:      layout_basic, overflow_temple_1_default, roderic_lattice_a,
          nicolae_gozag_seed_capital, uniq_terence, uniq_robin
D:4:      layout_gridville, first_ration, uniq_natasha

Skill      XL: |  1  2  3  4  5 |
---------------+----------------+-----
Stealth        | 2 |  2.5
Short Blades   | 1 |  1.4
Dodging        | 2 |  2.1
Spellcasting   | 3 |  3.3
Throwing       | 1 |  1.5
Earth Magic    | 4 |  4.1
Slings         | 1 |  1.0
Fighting       | |  0.6
Axes           | |  0.4
Unarmed Combat | |  0.1
Conjurations   | |  0.8
Transmutations | |  1.0

Action                   |  1- 3 |  4- 6 || total
-------------------------+-------+-------++-------
Melee: Dagger            |     7 |       ||     7
       Short sword       |    51 |    22 ||    73
       Tailslap          |     1 |     4 ||     5
       Hand axe          |       |    41 ||    41
       Unarmed           |       |    10 ||    10
 Fire: Hunting sling     |     6 |    11 ||    17
Throw: Dart              |       |    25 ||    25
 Cast: Sandblast         |    42 |    38 ||    80
       Stone Arrow       |       |    19 ||    19
Invok: Lesser Healing    |       |     5 ||     5
       Divine Protection |       |     2 ||     2
  Use: Scroll            |     3 |       ||     3
       Potion            |     2 |     1 ||     3
 Stab: Sleeping          |     6 |     3 ||     9
  Eat: Chunk             |     4 |    10 ||    14
Armor: Skin              |    21 |    25 ||    46
Dodge: Dodged            |    39 |    86 ||   125
